 Dungeon Crawl Stone Soup version 0.30-a0-782-ge64f9170bb (webtiles) character file.

Game seed: 14798111631454549775

702 Dirian the Chopper (level 7, -3/61 HPs)
             Began as a Minotaur Fighter on Mar 6, 2023.
             Slain by Duvessa
             ... wielding a +0 short sword
              (7 damage)
             ... on level 5 of the Dungeon.
             The game lasted 00:05:30 (3177 turns).

Dirian the Chopper (Minotaur Fighter)               Turns: 3177, Time: 00:05:30

Health: -3/61      AC: 13    Str: 23      XL:     7   Next: 39%
Magic:  6/6        EV:  8    Int:  5      God:
Gold:   237        SH:  5    Dex:  8 (9)  Spells: 6/6 levels left

rFire   . . .      SeeInvis .    a - +0 war axe
rCold   . . .      Faith    .    c - +1 buckler
rNeg    . . .      Spirit   .    e - +0 chain mail
rPois   .          Reflect  .    (helmet restricted)
rElec   .          Harm     .    (no cloak)
rCorr   .          Rampage  .    m - +1 pair of gloves
Will    .....                    l - +0 pair of boots Stlth
                                 (no amulet)
HPRegen 0.30/turn                (no ring)
MPRegen 0.10/turn                (no ring)

@: no status effects
A: horns 2, retaliatory headbutt
a: no special abilities


You were on level 5 of the Dungeon.
You visited 1 branch of the dungeon, and saw 5 of its levels.

You collected 237 gold pieces.

Inventory:

Hand Weapons
 a - a +0 war axe (weapon)
Missiles
 i - 2 throwing nets (quivered)
Armour
 b - a +0 tower shield
 c - a +1 buckler (worn)
 e - a +0 chain mail (worn)
 l - a +0 pair of boots (worn)
 m - a +1 pair of gloves (worn)
Scrolls
 r - 2 scrolls of identify
 t - a scroll of teleportation
 z - a scroll of blinking
Potions
 d - 5 potions of might
 f - a potion of brilliance {unknown}
 g - 2 potions of flight
 h - a potion of magic
 j - a potion of ambrosia {unknown}
 k - 3 potions of invisibility
 q - a potion of curing
 w - a potion of heal wounds


   Skills:
 + Level 5.0 Fighting
 + Level 6.6 Axes
 + Level 6.1 Armour
 + Level 2.1 Dodging
 + Level 5.1 Shields


You had 6 spell levels left.
You didn't know any spells.
Your spell library contained the following spells:

 Spells                   Type           Power      Damage    Failure   Level
 Lesser Beckoning         Tloc           0%         N/A       100%        2
 Poisonous Vapours        Pois/Air       0%         N/A       100%        2


Dungeon Overview and Level Annotations

Branches:
Dungeon (5/15) Zot: 26700
 Temple: D:4-7

Altars:
Elyvilon
The Shining One

Annotations:
D:5 Duvessa


Innate Abilities, Weirdness & Mutations

You have a pair of horns on your head.
You reflexively headbutt those who attack you in melee.


Message History

You finish putting on your +0 pair of boots.
You closely miss Duvessa. You headbutt Duvessa.
Duvessa is lightly wounded.
Duvessa hits you with a +0 short sword.
You completely miss Duvessa.
Duvessa is lightly wounded.
Duvessa hits you with a +0 short sword.
You slash Duvessa! Your headbutt misses Duvessa.
Duvessa is moderately wounded.
Duvessa hits you but does no damage. Duvessa hits you with a +0 short sword.
* * * LOW HITPOINT WARNING * * *
You closely miss Duvessa.
Duvessa is moderately wounded.
Duvessa completely misses you.
You hit Duvessa but do no damage. You headbutt Duvessa.
Duvessa is moderately wounded.
Duvessa hits you but does no damage.
You hit Duvessa but do no damage.
Duvessa is moderately wounded.
Duvessa hits you with a +0 short sword.
* * * LOW HITPOINT WARNING * * *
You slash Duvessa! Your headbutt misses Duvessa.
Duvessa is severely wounded.
Duvessa hits you with a +0 short sword.
* * * LOW HITPOINT WARNING * * *
You block Duvessa's attack.
You closely miss Duvessa. Your headbutt misses Duvessa.
Duvessa is severely wounded.
You block Duvessa's attack.
You hit Duvessa but do no damage. Your headbutt misses Duvessa.
Duvessa is severely wounded.
Duvessa completely misses you.
You closely miss Duvessa.
Duvessa is severely wounded.
Duvessa hits you with a +0 short sword!
* * * LOW HITPOINT WARNING * * *
You closely miss Duvessa.
Duvessa is severely wounded.
Duvessa hits you with a +0 short sword!
You die...

..... ..##..>.# ....#
...########....#.....#
.#.# #........#.....#
#........#......
#..<..##........
#####.##........
#.##...###.. #.#....#
#.#...@#####
#.#.##e#...#
#.#..#...# #.#.##...##
#.#..'....#
#.####....##
#.e.)......#
#...##...####.# #
+..... #


You could see Duvessa.

Vanquished Creatures
  Eustachio (D:5)
  A black bear (D:4)
  An ogre (D:5)
  A scorpion (D:5)
  2 hounds (D:4)
  An iguana (D:4)
  An orc wizard (D:3)
  Robin (D:2)
  8 adders
  A white imp (D:3)
  A worm (D:2)
  14 orcs
  9 bats
  8 endoplasms
  3 giant cockroaches
  11 goblins
  12 hobgoblins
  7 jackals
  5 quokkas
  14 ball pythons
  3 frilled lizards
  9 kobolds
  3 rats
117 creatures vanquished.

Vanquished Creatures (others)
  6 plants (D:2)
6 creatures vanquished.

Grand Total: 123 creatures vanquished

Notes
Turn   | Place    | Note
-------+----------+-------------------------------------------
     0 | D:1      | Dirian the Minotaur Fighter began the quest for the Orb.
     0 | D:1      | Reached XP level 1. HP: 19/19 MP: 0/0
    11 | D:1      | Got the Grimoire of Relocation and Contamination
   287 | D:1      | Reached XP level 2. HP: 27/27 MP: 1/1
   506 | D:2      | Found a glowing golden altar of the Shining One.
   529 | D:2      | Reached XP level 3. HP: 29/33 MP: 2/2
   567 | D:2      | Noticed Robin
   583 | D:2      | Killed Robin
   642 | D:2      | Reached XP level 4. HP: 33/40 MP: 3/3
  1102 | D:3      | Reached XP level 5. HP: 41/46 MP: 4/4
  1214 | D:3      | Found a faded altar of an unknown god.
  1410 | D:3      | Reached skill level 1 in Dodging
  1663 | D:3      | Reached skill level 5 in Armour
  2076 | D:4      | Reached skill level 5 in Axes
  2148 | D:4      | Reached XP level 6. HP: 53/53 MP: 5/5
  2699 | D:4      | Found a white marble altar of Elyvilon.
  2894 | D:5      | Entered Level 5 of the Dungeon
  2915 | D:5      | Noticed Eustachio
  2981 | D:5      | Killed Eustachio
  2982 | D:5      | Reached XP level 7. HP: 38/60 MP: 6/6
  3087 | D:5      | Reached skill level 5 in Fighting
  3153 | D:5      | Reached skill level 5 in Shields
  3153 | D:5      | Noticed Duvessa
  3177 | D:5      | Slain by Duvessa

Illustrated notes

Levels and vault maps discovered:
D:1:      dpeg_arrival_solitude, layout_rooms, item_on_display_a
D:2:      cheibrodos_old_hovel, layout_rooms, basic_altar, uniq_robin
D:3:      layout_basic, nicolae_ecumenical_snake_handling, minmay_vboxes
D:4:      layout_cave_pods, kennysheep_mini
D:5:      minmay_clustersquares, layout_basic, gammafunk_ghost_smash,
          minivault_4, uniq_duvessa, uniq_eustachio, uniq_pikel

Skill      XL: |  1  2  3  4  5  6  7 |
---------------+----------------------+-----
Armour         | 4 5 6 |  6.1
Fighting       | 4 5 |  5.0
Shields        | 4 5 |  5.1
Axes           | 3 4 5 6 |  6.6
Dodging        | 1 2 |  2.1

Action                     |  1- 3 |  4- 6 |  7- 9 || total
---------------------------+-------+-------+-------++-------
  Melee: War axe           |    70 |   196 |    20 ||   286
         Headbutt          |     6 |    24 |     4 ||    34
    Use: Scroll            |     3 |    11 |       ||    14
 Armour: Scale mail        |    29 |    49 |       ||    78
         Chain mail        |       |   125 |     4 ||   129
  Dodge: Dodged            |    42 |   147 |     4 ||   193
  Block: Buckler           |    14 |    71 |     3 ||    88

Table legend: (Time is in decaauts)
 A = Elapsed time spent in this place.
 B = Non-inter-level travel time spent in this place.
 C = Inter-level travel time spent in this place.
 D = Time resting spent in this place.
 E = Time spent auto-exploring this place.
 F = Levels seen in this place.
 G = Mean time per level.
                   A        B        C        D        E       F      G
               +--------+--------+--------+--------+--------+-----+--------+
         Total |   3266 |   3133 |    133 |     56 |   2346 |   5 |  653.2 |
       Dungeon |   3266 |   3133 |    133 |     56 |   2346 |   5 |  653.2 |
               +--------+--------+--------+--------+--------+-----+--------+

Top non-repeatable levels by time:
     D:3: 1030 daAuts
     D:4: 902 daAuts
     D:2: 569 daAuts
     D:1: 465 daAuts
     D:5: 298 daAuts
